 Dungeon Crawl Stone Soup version 0.32-a0-699-g1ee5eff69a (webtiles) character file.

Game seed: 7846531092992898591

67 ytrimaz the Digger (level 4, -3/27 HPs)
             Began as an Octopode Earth Elementalist on Mar 14, 2024.
             Slain by an orc priest
             ... wielding a +0 short sword
              (5 damage)
             ... on level 3 of the Dungeon.
             The game lasted 00:01:29 (1883 turns).

ytrimaz the Digger (Octopode Earth Elementalist)    Turns: 1883, Time: 00:01:29

Health: -3/27      AC:  1    Str:  7    XL:     4   Next: 18%
Magic:  4/8        EV: 12    Int: 19    God:
Gold:   132        SH:  0    Dex: 18    Spells: 1/8 levels left

rFire   + . .        (no weapon)
rCold   + . .        (no shield)
rNeg    . . .        (helmet restricted)
rPois   +            (no amulet)
rElec   +            f - +6 ring of dexterity
rCorr   +            (no ring)
SInv    .            (no ring)
Will    +....        (no ring)
Stlth   +++          (no ring)
HPRegen 0.24/turn    (no ring)
MPRegen 0.11/turn    (no ring)
                     (no ring)

%: no passive effects
@: resistant, attractive, enlightened, flying, very slightly contaminated
A: almost no armour, amphibious, 8 rings, camouflage 1, gelatinous body 1,
(nimble swimmer 1), tentacles
a: Convert to Beogh


You were on level 3 of the Dungeon.
You visited 1 branch of the dungeon, and saw 3 of its levels.

You collected 132 gold pieces.


Innate Abilities, Weirdness & Mutations

You cannot wear most types of armour.
You are amphibious.
You can wear up to eight rings at the same time.
Your skin changes colour to match your surroundings (Stealth+).
Your rubbery body absorbs attacks. (AC +1, EV +1)
((You are camouflaged when in or above water. (Stealth+)))
You have tentacles for arms and can constrict up to eight enemies at once.


   Skills:
 - Level 2.0 Dodging
 - Level 2.6 Stealth
 + Level 2.8 Spellcasting
 + Level 2.3 Conjurations
 + Level 3.7 Earth Magic


You had one spell level left.
You knew the following spells:

 Your Spells              Type           Power      Damage    Failure   Level
a - Sandblast             Erth           32%        2d9       3%          1
b - Stone Arrow           Conj/Erth      28%        3d8       14%         3
c - Passwall              Erth           16%        N/A       10%         3

Your spell library contained the following spells:

 Spells                   Type           Power      Damage    Failure   Level
 Brom's Barrelling Bould  Conj/Erth      14%        2d4       41%         4
 Petrify                  Alch/Erth      9%         N/A       58%         4

Inventory:

Jewellery
 f - a +6 ring of dexterity (left tentacle)
   (You found it on level 2 of the Dungeon)
Scrolls
 c - a scroll of amnesia {unknown}
 d - 2 scrolls of vulnerability {unknown}
 e - 2 scrolls of identify {unknown}
 g - a scroll of poison {unknown}
Potions
 a - a potion of magic
 h - a potion of enlightenment
 i - 2 potions of attraction

Dungeon Overview and Level Annotations

Branches:
Dungeon (3/15) Zot: 16092

Altars:
Wu Jian

.......#.#.#.#..
#.#.#..#........
#.#.#.§§...#.#..
#.#...§§§.......
.#####.#...§§#.......
.......#...§§§.o>#
.......o..§§§#..o....
....##o##§§§....#...
.#.##@#.###....... .
. ##...#...#.....#.#
#.##
#.#.##.#.###.........
..#
.....##.##......... .
.....
........)...........#
.....
#.#>.....#........
#.#.# #
#.####.#.....#..
#.#.#
#...............
#.#.#
#######.........


You could see an orc priest and an orc.


Message History

😎 MP[+4]
Your mp is fully restored (7).
An adder comes into view.
The adder moves out of view.
Found a stone staircase leading down.
You can't see any susceptible monsters within range! (Use Z to cast anyway.)
You can't see any susceptible monsters within range! (Use Z to cast anyway.) No target in view! 2 orcs come into view.
An orc is wielding a +1 vampiric hand axe.
There are monsters nearby!
There are monsters nearby!
You can't see any susceptible monsters within range! (Use Z to cast anyway.)
You can't see any susceptible monsters within range! (Use Z to cast anyway.)
The blast of sand misses the adder.
The adder hisses angrily.
The orc shouts!
An orc priest comes into view. It is wielding a +0 short sword.
An orc comes into view. It is wielding a +0 flail.
The orc moves out of view.
The orc shouts! 😎 MP[-1]
You lost 1 mp, and now have 6/7 mp.
The blast of sand hits the adder!
The adder bites you. 😕 HP[-2] MP[-1]
You take 2 damage, and now have 19/21 hp.
You lost 1 mp, and now have 5/7 mp.
Unknown command.
The adder bites you. 😕 HP[-3]
You take 3 damage, and now have 16/21 hp.
As you read the scroll labelled KOSKEO TEMYUJIM, it dissolves into smoke.
It was a scroll of fog.
The adder barely misses you.
Unknown command.
The adder bites you. The adder attacks as it pursues you!
The adder closely misses you. The orc attacks as it pursues you!
The orc barely misses you. The adder bites you. 😮 HP[-3] MP[+1]
You take 3 damage, and now have 13/21 hp.
You tentacle-slap the adder but do no damage.
You grab the adder. You constrict the adder. The adder closely misses you.
The orc priest shouts, "Surrender to Beogh and we'll let you live!" (press Y on the ability menu to convert to Beogh) 😮 HP[+1]
The orc priest threatens, "Beogh's wrath is as vast as their mercy.
Make your choice!"
You tentacle-slap the adder but do no damage.
You constrict the adder.
You kill the adder!
You have reached level 4! 😮 HP[+4]
You now have 27 max hp (+6).
You regained 4 hp, and now have 18/27 hp.
It was a potion of attraction.
You feel attractive to monsters. The orc barely misses you.
The orc is attracted toward you.
Unknown command.
Casting: Sandblast (safe; 3% risk of failure)
Confirm with . or Enter, or press ? or * to list all spells.
Aiming: Stone Arrow (quite dangerous; 14% risk of failure)
Press: ? - help, Shift-Dir - straight line, f - orc
Aim: an orc, wielding a +1 vampiric hand axe (68% to hit)
You miscast Stone Arrow.
You are very lightly contaminated with residual magic.
Nothing appears to happen.
The orc priest looks braver for a moment.
The orc closely misses you. 😮 HP[+1] MP[-3]
You lost 3 mp, and now have 3/8 mp.
Unknown command.
You tentacle-slap the orc but do no damage.
You grab the orc. You constrict the orc.
The orc hits you with a +1 vampiric hand axe.
* * * LOW HITPOINT WARNING * * *
😨 HP[-6]
You take 6 damage, and now have 13/27 hp.
MASSIVE DAMAGE!! (PAUSE)
You tentacle-slap the orc. You constrict the orc.
The orc hits you with a +1 vampiric hand axe.
* * * LOW HITPOINT WARNING * * *
The orc draws strength from your wounds! 😨 HP[-6]
You take 6 damage, and now have 7/27 hp.
MASSIVE DAMAGE!! (PAUSE)
You tentacle-slap the orc but do no damage.
You constrict the orc.
You kill the orc!
Unknown command.
It was a potion of enlightenment.
You feel very buoyant.
You fly up into the air.
The orc priest hits you with a +0 short sword.
* * * LOW HITPOINT WARNING * * *
😱 HP[-5]
You take 5 damage, and now have 2/27 hp.
Unknown command.
It was a potion of resistance.
You feel protected.
The orc priest threatens, "Beogh's wrath is as vast as their mercy.
Make your choice!"
The orc priest hits you with a +0 short sword.
You die...

Skill      XL: |  1  2  3 |
---------------+----------+-----
Conjurations   | 2 |  2.3
Dodging        | |  2.0
Stealth        | |  2.6
Spellcasting   | |  2.8
Earth Magic    | |  3.7

Action                     |  1- 3 |  4- 6 || total
---------------------------+-------+-------++-------
  Melee: Unarmed           |    16 |     3 ||    19
         Constrict         |     8 |     1 ||     9
         Tentacles         |     6 |       ||     6
   Cast: Sandblast         |    49 |       ||    49
    Use: Scroll            |     1 |       ||     1
         Potion            |       |     3 ||     3
   Stab: Sleeping          |     1 |       ||     1
 Armour: Skin              |    12 |     4 ||    16
  Dodge: Dodged            |    16 |     2 ||    18

Levels and vault maps discovered:
D:1:      dpeg_arrival_pits, layout_basic, minmay_rat_gold_closets
D:2:      layout_loops_ring, basic_altar
D:3:      layout_basic, cheibrodos_ashenzari_chains, chequers_jeans,
          minmay_ruptured

Notes
Turn   | Place    | Note
-------+----------+-------------------------------------------
     0 | D:1      | ytrimaz the Octopode Earth Elementalist began the quest for
                  | the Orb.
     0 | D:1      | Reached XP level 1. HP: 11/11 MP: 3/3
     0 | D:1      | magus.rc [v1.9.6]
   147 | D:1      | Reached XP level 2. HP: 16/17 MP: 1/5
   964 | D:2      | Found an ornate altar of the Wu Jian Council.
   990 | D:2      | Reached XP level 3. HP: 16/21 MP: 6/6
  1177 | D:2      | Reached skill level 2 in Conjurations
  1390 | D:2      | Learned a level 3 spell: Stone Arrow
  1447 | D:2      | Learned a level 3 spell: Passwall
  1877 | D:3      | Reached XP level 4. HP: 18/27 MP: 6/8
  1882 | D:3      | HP: 2/27 [orc priest/+0 short sword (6)]
  1883 | D:3      | Slain by an orc priest

Vanquished Creatures
  2 adders
  3 ribbon worms (D:2)
  An orc (D:3)
  4 ball pythons
  4 endoplasms
  3 giant cockroaches
  3 goblins
  3 hobgoblins
  4 kobolds
  2 quokkas (D:2)
  A bat (D:1)
  13 rats
43 creatures vanquished.

Table legend:
 A = Non-vault XP
 B = Vault XP
 C = Vault XP percentage of total XP
 D = Non-vault monster count
 E = Vault monster count
 F = Vault count percentage of total count
                 A         B        C        D         E       F
            +---------+---------+-------+---------+---------+-------
      Total |      87 |      10 |  10.3 |      33 |      10 |  23.3
            +---------+---------+-------+---------+---------+-------
        D:1 |      23 |       8 |  25.8 |      15 |       8 |  34.8
        D:2 |      45 |       0 |   0.0 |      14 |       0 |   0.0
        D:3 |      19 |       2 |   9.5 |       4 |       2 |  33.3
            +---------+---------+-------+---------+---------+-------

Skill      XL: |  1  2  3 |
---------------+----------+-----
Conjurations   | 2 |  2.3
Dodging        | |  2.0
Stealth        | |  2.6
Spellcasting   | |  2.8
Earth Magic    | |  3.7

Action                     |  1- 3 |  4- 6 || total
---------------------------+-------+-------++-------
  Melee: Unarmed           |    16 |     3 ||    19
         Constrict         |     8 |     1 ||     9
         Tentacles         |     6 |       ||     6
   Cast: Sandblast         |    49 |       ||    49
    Use: Scroll            |     1 |       ||     1
         Potion            |       |     3 ||     3
   Stab: Sleeping          |     1 |       ||     1
 Armour: Skin              |    12 |     4 ||    16
  Dodge: Dodged            |    16 |     2 ||    18

Illustrated notes

Table legend:
 A = Kills in this place as a percentage of kills in the entire game.
 B = Kills by you in this place as a percentage of kills by you in the entire game.
 C = Kills by friends in this place as a percentage of kills by friends in the entire game.
 D = Other kills in this place as a percentage of other kills in the entire game.
 E = Experience gained in this place as a percentage of experience gained in the entire game.
 F = Experience gained in this place divided by the number of levels of this place that you have seen.
                   A       B       C       D       E      F
               +-------+-------+-------+-------+-------+----------------------
         Total | 100.0 | 100.0 |   N/A |   N/A | 100.0 |  32.3
       Dungeon | 100.0 | 100.0 |   N/A |   N/A | 100.0 |  32.3
               +-------+-------+-------+-------+-------+----------------------

Table legend: (Time is in decaauts)
 A = Elapsed time spent in this place.
 B = Non-inter-level travel time spent in this place.
 C = Inter-level travel time spent in this place.
 D = Time resting spent in this place.
 E = Time spent auto-exploring this place.
 F = Levels seen in this place.
 G = Mean time per level.
                   A        B        C        D        E       F      G
               +--------+--------+--------+--------+--------+-----+--------+
         Total |   1906 |   1855 |     51 |      0 |   1619 |   3 |  635.3 |
       Dungeon |   1906 |   1855 |     51 |      0 |   1619 |   3 |  635.3 |
               +--------+--------+--------+--------+--------+-----+--------+

Top non-repeatable levels by time:
     D:1: 959 daAuts
     D:2: 807 daAuts
     D:3: 139 daAuts
